 Dungeon Crawl Stone Soup version 0.28-a0-1613-gdaab1c2f9b (webtiles) character file.

Game seed: 7954621448299637020

7807 lonewolfV2 the Basher (level 11, -2/107 HPs)
             Began as a Troll Berserker on Jan 21, 2022.
             Was an Elder of Trog.
             Killed by divine providence
             ... invoked by an orc priest
              (14 damage)
             ... on level 9 of the Dungeon.
             The game lasted 00:22:22 (7842 turns).

lonewolfV2 the Basher (Troll Berserker)             Turns: 7842, Time: 00:22:24

Health: -2/107     AC:  5    Str: 31    XL:     11   Next: 1%
Magic:  0/10       EV: 15    Int:  8    God:    Trog [****..]
Gold:   1361       SH:  0    Dex:  9    Spells: 10/10 levels left

rFire   + . .      SeeInvis .   k - +6 mace "Maghu" {vamp, rC+ Int+5 Stlth+}
rCold   . . .      Faith    .   (no shield)
rNeg    . . .      Spirit   +   h - +1 robe "Loolo" {rPois}
rPois   +          Reflect  .   (helmet restricted)
rElec   +          Harm     .   (no cloak)
rCorr   .          Rampage  .   (gloves unavailable)
Will    .....                   (boots unavailable)
Stlth   +++.......              p - amulet "Suluolou" {Spirit rElec}
HPRegen 1.07/turn               f - +4 ring of evasion
MPRegen 0.12/turn               q - ring of fire

@: no status effects
A: large, unfitting armour, claws 3, regeneration 1, shaggy fur 1, tough skin 1
a: Renounce Religion, Berserk, Trog's Hand, Brothers in Arms


You were on level 9 of the Dungeon.
You worshipped Trog.
Trog was greatly pleased with you.
You visited 2 branches of the dungeon, and saw 10 of its levels.

You collected 1361 gold pieces.

Inventory:

Hand Weapons
 a - a +0 hand axe
 k - the +6 mace "Maghu" (weapon) {vamp, rC+ Int+5 Stlth+}
   (You found it on level 2 of the Dungeon)

   It occasionally heals its wielder for a portion of the damage dealt when it
   wounds a living foe.
   Int:       It affects your intelligence (+5).
   rC:        It protects you from cold.
   Stlth:     It makes you more stealthy.
 z - the +6 morningstar of Uncertain Death {freeze, rF+ Str+4}
   (You found it on level 8 of the Dungeon)

   It freezes those it strikes, dealing additional cold damage.
   It can also slow down cold-blooded creatures.
   Str:       It affects your strength (+4).
   rF:        It protects you from fire.
Missiles
 o - a throwing net (quivered)
Armour
 b - a +1 animal skin
 h - the +1 robe "Loolo" (worn) {rPois}
   (You found it on level 2 of the Dungeon)

   rPois:     It protects you from poison.
Jewellery
 f - a +4 ring of evasion (left claw)
 i - a +4 ring of evasion
 p - the amulet "Suluolou" (around neck) {Spirit rElec}
   (You found it on level 4 of the Dungeon)

   [amulet of guardian spirit]

   It causes incoming damage to be divided between your reserves of health and
   magic.
   rElec:     It insulates you from electricity.
 q - a ring of fire (right claw)
 u - a ring of protection from fire
 x - a +6 ring of intelligence
Wands
 r - a wand of acid (12)
 w - a wand of iceblast (6)
Scrolls
 g - 4 scrolls of teleportation
 n - 2 scrolls of fear
 y - 3 scrolls of identify
 A - a scroll of enchant weapon {unknown}
Potions
 c - a potion of cancellation
 d - 6 potions of heal wounds
 e - 4 potions of curing
 j - a potion of degeneration
 l - 4 potions of might
 m - 2 potions of lignification
 s - a potion of berserk rage
 t - a potion of flight
 v - 2 potions of brilliance


   Skills:
 + Level 6.5 Fighting
 + Level 3.8(7.2) Axes
 + Level 10.4(10.7) Maces & Flails
 + Level 7.3 Dodging
 + Level 3.2 Stealth


You had 10 spell levels left.
You didn't know any spells.
Your spell library was empty.

Dungeon Overview and Level Annotations

Branches:
Dungeon (9/15)             Temple (1/1) D:4
   Lair: D:8-11         Orc: D:9-12

Altars:
Ashenzari
Elyvilon
Gozag
Kikubaaqudgha
Nemelex Xobeh
Okawaru
Qazlal
Ru
Vehumet
Wu Jian
The Shining One

Shops:
D:6 *   D:8 *

Annotations:
D:6 2 transporters, horus123's ghost, novice DECj
D:8 exclusion: statue


Innate Abilities, Weirdness & Mutations

You are too large for most types of armour.
You have claws for hands.
Your natural rate of healing is unusually fast.
You are covered in fur. (AC +1)
You have tough skin. (AC +1)


Message History

Unknown command.
You hit Maggie but do no damage.
Maggie is severely wounded.
Maggie hits you with a +1 vorpal war axe!
You hit Maggie.
You feel better.
Maggie is severely wounded.
You sock Maggie!
Maggie is almost dead.
Maggie mumbles some strange words.
Maggie attempts to bespell you! You resist with almost no effort.
You hit Maggie but do no damage.
Maggie is almost dead.
Maggie mumbles some strange words.
Maggie attempts to bespell you!
You are mesmerised by Maggie!
The orc wizard casts a spell.
The orc wizard flickers and vanishes!
Deactivating autopickup; reactivate with Ctrl-A.
You hit Maggie.
You are no longer entranced.
You kill Maggie!
Trog accepts your kill.
Trog appreciates your killing of a magic user.
You have reached level 11!
You sock the two-headed ogre!
The two-headed ogre is lightly wounded.
The two-headed ogre hits you with a +0 giant spiked club!!
The two-headed ogre hits you with a +0 giant club!!
* * * LOW HITPOINT WARNING * * *
You sock the two-headed ogre!
The two-headed ogre is heavily wounded.
You hit the two-headed ogre.
The two-headed ogre is heavily wounded.
The two-headed ogre hits you with a +0 giant spiked club.
* * * LOW HITPOINT WARNING * * *
The two-headed ogre hits you with a +0 giant club!
* * * LOW HITPOINT WARNING * * *
The orc priest calls down the wrath of Beogh upon you.
Beogh smites you!
You die...

#.# #.# .. #.# .# #.#
##.###### #.# #........ #.#
#........ #######.######
#........
.)))........!######o.......
#######.####....@O{o.......
#.# ########oo$..... #.#
#.....(.. #.# ####.#### #.#
...# #.# #.# #.# ####.#####
#.# #........# #<#
#........#


You could see a two-headed ogre, an orc priest and 3 orcs.

Vanquished Creatures
  Harold (D:7)
  A centaur warrior (D:8)
  Pikel (D:7)
  Maggie (D:9)
  A troll (D:8)
  Grinder (D:6)
  A shadow (D:8)
  Eustachio (D:6)
  A wyvern (D:8)
  12 yaks
  Grum (D:9)
  A steam dragon (D:6)
  Menkaure (D:4)
  A water moccasin (D:6)
  A hornet zombie (D:6)
  2 sky beasts
  4 ice beasts
  2 necrophages
  An ogre (D:5)
  3 wolves (D:9)
  A centaur (D:8)
  A lemure (D:7)
  3 kobold brigands
  A bullfrog (D:7)
  3 scorpions
  A water moccasin skeleton (D:4)
  3 killer bees (D:8)
  3 wights (D:6)
  A centaur zombie (D:9)
  2 jellies
  3 howler monkeys
  4 hounds
  A bullfrog skeleton (D:6)
  2 orc priests
  A centaur skeleton (D:5)
  An iguana (D:4)
  Natasha (twice) (D:2)
  2 orc wizards
  A killer bee zombie (D:7)
  A hound zombie (D:5)
  A hound skeleton (D:4)
  A howler monkey skeleton (D:7)
  10 adders
  A gnoll (D:5)
  A shadow imp (D:8)
  A white imp (D:8)
  An ufetubus (D:4)
  A worm (D:3)
  4 dart slugs
  8 orcs
  5 endoplasms
  9 giant cockroaches (D:2)
  12 goblins
  8 hobgoblins
  9 jackals
  3 quokkas
  6 ball pythons
  A ball python skeleton (D:2)
  A bat (D:1)
  2 frilled lizards (D:2)
  2 giant cockroach zombies (D:2)
  29 kobolds
  A quokka skeleton (D:2)
  5 rats
197 creatures vanquished.

Notes
Turn   | Place    | Note
-------+----------+-------------------------------------------
     0 | D:1      | lonewolfV2 the Troll Berserker began the quest for the Orb.
     0 | D:1      | Reached XP level 1. HP: 22/22 MP: 0/0
    83 | D:1      | Reached XP level 2. HP: 27/29 MP: 1/1
   149 | D:1      | Found a faded altar of an unknown god.
   794 | D:2      | Reached XP level 3. HP: 34/36 MP: 2/2
   857 | D:2      | Identified the +1 robe "Loolo" {rPois}
   918 | D:2      | Noticed Natasha
   925 | D:2      | Reached ** piety under Trog
   926 | D:2      | Killed Natasha
   927 | D:2      | Reached XP level 4. HP: 44/44 MP: 3/3
  1247 | D:2      | Noticed Natasha
  1271 | D:2      | Killed Natasha
  1317 | D:2      | Identified the +6 mace "Maghu" {vamp, rC+ Int+5 Stlth+}
  1450 | D:2      | Reached XP level 5. HP: 52/52 MP: 4/4
  2272 | D:4      | Identified the +0 leather armour of Cuterecs {rElec Will-
                  | Dex+5 SInv}
  2283 | D:4      | Identified the amulet "Suluolou" {Spirit rElec}
  2302 | D:4      | Reached skill level 1 in Maces & Flails
  2344 | D:4      | Reached XP level 6. HP: 56/61 MP: 3/5
  2384 | D:4      | Reached *** piety under Trog
  2463 | D:4      | Found a staircase to the Ecumenical Temple.
  2519 | D:4      | Reached skill level 2 in Maces & Flails
  2590 | D:4      | Reached skill level 1 in Stealth
  2861 | D:4      | Reached skill level 3 in Maces & Flails
  2861 | D:4      | Reached XP level 7. HP: 67/67 MP: 6/6
  3012 | D:4      | Noticed Menkaure
  3023 | D:4      | Killed Menkaure
  3163 | Temple   | Entered the Ecumenical Temple
  3203 | D:5      | Entered Level 5 of the Dungeon
  3263 | D:5      | Reached skill level 4 in Maces & Flails
  3404 | D:5      | Reached XP level 8. HP: 65/78 MP: 4/7
  3482 | D:5      | Found an opulent altar of Gozag.
  3490 | D:5      | Reached skill level 5 in Maces & Flails
  3606 | D:5      | Found a stormy altar of Qazlal.
  3606 | D:5      | Found an ornate altar of the Wu Jian Council.
  3679 | D:5      | Found an iron altar of Okawaru.
  3753 | D:6      | Found a transporter.
  3759 | D:6      | Found a transporter.
  3760 | D:6      | Noticed horus123's ghost (novice DECj)
  3901 | D:6      | Reached skill level 5 in Dodging
  3971 | D:6      | Found a sand-covered staircase.
  3989 | D:6      | Reached skill level 6 in Maces & Flails
  4055 | D:6      | Noticed Grinder
  4069 | D:6      | Paralysed by Grinder for 7 turns
  4080 | D:6      | Paralysed by Grinder for 6 turns
  4093 | D:6      | Killed Grinder
  4164 | D:6      | Identified the +6 hunting sling of Might {venom, +Blink
                  | Str+9}
  4456 | D:6      | Noticed a queen bee
  4507 | D:6      | Reached XP level 9. HP: 85/85 MP: 6/8
  4544 | D:6      | Noticed Eustachio
  4565 | D:6      | Killed Eustachio
  4566 | D:6      | Reached skill level 7 in Maces & Flails
  4746 | D:6      | Found Eroff's Assorted Antiques.
  4950 | D:6      | Found an ancient bone altar of Kikubaaqudgha.
  4950 | D:6      | Found a glowing golden altar of the Shining One.
  4950 | D:6      | Found a white marble altar of Elyvilon.
  5217 | D:7      | Reached **** piety under Trog
  5285 | D:7      | Identified a scroll of acquirement
  5285 | D:7      | Acquired 845 gold pieces
  5339 | D:7      | Found a sacrificial altar of Ru.
  5392 | D:7      | Reached skill level 5 in Fighting
  5462 | D:7      | Noticed Pikel
  5479 | D:7      | Killed Pikel
  5480 | D:7      | Reached skill level 8 in Maces & Flails
  6084 | D:7      | Noticed Harold
  6104 | D:7      | Killed Harold
  6105 | D:7      | Reached XP level 10. HP: 73/96 MP: 6/9
  6343 | D:8      | Found a radiant altar of Vehumet.
  6538 | D:8      | Found Wasutay's Changing Room.
  6647 | D:8      | Noticed a centaur warrior
  6651 | D:8      | Reached skill level 9 in Maces & Flails
  6666 | D:8      | Killed a centaur warrior
  6698 | D:8      | Identified the +6 morningstar of Uncertain Death {freeze,
                  | rF+ Str+4}
  6920 | D:8      | Found a sparkling altar of Nemelex Xobeh.
  7444 | D:9      | Noticed Grum
  7471 | D:9      | Killed Grum
  7681 | D:9      | Reached skill level 10 in Maces & Flails
  7747 | D:9      | Found a broken altar of Ashenzari.
  7820 | D:9      | Noticed Maggie
  7821 | D:9      | Noticed a two-headed ogre
  7839 | D:9      | Killed Maggie
  7840 | D:9      | Reached XP level 11. HP: 75/107 MP: 4/10
  7842 | D:9      | Killed from afar by an orc priest

Illustrated notes

Levels and vault maps discovered:
D:1:      dpeg_arrival_rooms_with_view, layout_basic,
          ebering_ecumenical_altar_webs, minmay_misc_feat_tiny, st_stairs_11,
          grunt_decor_clamped
D:2:      minmay_roachtagon, layout_basic, serial_undead, serial_undead_b,
          serial_undead_a, serial_undead_c, serial_undead_c,
          nicolae_concentric_dashed_squares_wild, kennysheep_flooded_box,
          minmay_misc_feat_square, uniq_natasha
D:3:      layout_loops_cross, mrwooster_statue_mirror, minmay_puff
D:4:      layout_loops_corners, minmay_temple_entry_butterflies,
          serial_bayou_ford_a, uniq_menkaure
D:5:      layout_rooms, mainiacjoe_overflow_divided_tiny,
          nicolae_gozag_cash_rules_everything_around_me,
          okawaru_altar_gauntlet_db
D:6:      layout_layer_cave, gammafunk_temple_overflow_claw,
          nicolae_ossuary_entry_ruins, serial_shops,
          nicolae_shop_advertising_works [nicolae_subvault_shop_adworks],
          gammafunk_ghost_hive, uniq_eustachio, uniq_grinder
D:7:      layout_basic, mainiacjoe_overflow_boulevard, uniq_harold, uniq_pikel
D:8:      layout_loops_ring, vehumet_statue, mainiacjoe_overflow_alcove_4,
          nicolae_transmutations_shop, minmay_radiant
D:9:      layout_roguey, cheibrodos_ashenzari_chains, special_room
          [special_room_orc], uniq_psyche, uniq_grum, uniq_maggie
Temple:   corrupted_temple

Skill      XL: |  1  2  3  4  5  6  7  8  9 10 |
---------------+-------------------------------+-----
Axes           | 3 |  3.8
Dodging        | 3 4 5 6 7 |  7.3
Fighting       | 3 4 5 6 |  6.5
Maces & Flails | 1 3 4 6 8 10 | 10.4
Stealth        | 1 2 3 |  3.2

Action                   |  1- 3 |  4- 6 |  7- 9 | 10-12 || total
-------------------------+-------+-------+-------+-------++-------
Melee: Hand axe          |   103 |    50 |       |       ||   153
       Punch             |     1 |     3 |     2 |     4 ||    10
       Mace              |       |   118 |   284 |   206 ||   608
Invok: Trog's Hand       |       |       |       |     2 ||     2
       Berserk           |       |       |       |     1 ||     1
  Use: Scroll            |     4 |     1 |     9 |       ||    14
       Potion            |       |     1 |       |       ||     1
 Stab: Sleeping          |       |     4 |     5 |     3 ||    12
       Distracted        |       |       |     1 |       ||     1
Armor: Animal skin       |    32 |       |       |       ||    32
       Robe              |     8 |    41 |    77 |    44 ||   170
Dodge: Dodged            |    86 |   189 |   228 |   160 ||   663

Table legend: (Time is in decaauts)
 A = Elapsed time spent in this place.
 B = Non-inter-level travel time spent in this place.
 C = Inter-level travel time spent in this place.
 D = Time resting spent in this place.
 E = Time spent auto-exploring this place.
 F = Levels seen in this place.
 G = Mean time per level.
                   A        B        C        D        E       F      G
               +--------+--------+--------+--------+--------+-----+--------+
         Total |   7918 |   7685 |    233 |    186 |   5190 |  10 |  791.8 |
       Dungeon |   7906 |   7673 |    233 |    186 |   5190 |   9 |  878.4 |
        Temple |     12 |     12 |      0 |      0 |      0 |   1 |   12.0 |
               +--------+--------+--------+--------+--------+-----+--------+

Top non-repeatable levels by time:
     D:6: 1443 daAuts
     D:8: 1179 daAuts
     D:4: 1049 daAuts
     D:7: 974 daAuts
     D:2: 819 daAuts
     D:1: 716 daAuts
     D:3: 675 daAuts
     D:5: 558 daAuts
     D:9: 488 daAuts
  Temple: 12 daAuts
